 Dungeon Crawl Stone Soup version 0.29-a0-356-g7bc237e783 (webtiles) character file.

Game seed: 11501325286374281293

142 spaghetti the Vandal (level 5, -11/37 HPs)
             Began as a Gnoll Wanderer on Apr 26, 2022.
             Mangled by Sigmund
             ... wielding a +0 scythe
              (13 damage)
             ... on level 3 of the Dungeon.
             The game lasted 00:04:09 (1812 turns).

spaghetti the Vandal (Gnoll Wanderer)               Turns: 1812, Time: 00:04:10

Health: -11/37     AC:  2    Str: 10    XL:     5   Next: 24%
Magic:  2/9        EV: 11    Int: 11    God:
Gold:   140        SH:  5    Dex: 15    Spells: 9/10 levels left

rFire   . . .      SeeInvis .   e - +0 rapier {short}
rCold   . . .      Faith    .   b - +0 buckler
rNeg    . . .      Spirit   .   d - +0 robe
rPois   .          Reflect  .   (no helmet)
rElec   .          Harm     .   (no cloak)
rCorr   .          Rampage  .   (no gloves)
Will    .....                   (no boots)
Stlth   ++........              (no amulet)
HPRegen 0.12/turn               (no ring)
MPRegen 0.11/turn               (no ring)

@: hasted, very quick
A: fangs 1, strong nose, distributed training
a: no special abilities


You were on level 3 of the Dungeon.
You visited 1 branch of the dungeon, and saw 3 of its levels.

You collected 140 gold pieces.


Innate Abilities, Weirdness & Mutations

You have very sharp teeth.
Your uncanny sense of smell can sniff out nearby items.
Your experience applies equally to all skills.


   Skills:
 + Level 1.4 Fighting
 + Level 1.4 Short Blades
 + Level 1.4 Long Blades
 + Level 1.4 Axes
 + Level 1.4 Maces & Flails
 + Level 1.4 Polearms
 + Level 1.4 Staves
 + Level 6.7 Slings
 + Level 1.4 Bows
 + Level 1.4 Crossbows
 + Level 1.4 Throwing
 + Level 4.7 Armour
 + Level 1.4 Dodging
 + Level 1.4 Stealth
 + Level 4.7 Shields
 + Level 1.4 Unarmed Combat
 + Level 3.1 Spellcasting
 + Level 1.1 Conjurations
 + Level 1.1 Hexes
 + Level 1.1 Summonings
 + Level 2.3 Necromancy
 + Level 1.1 Translocations
 + Level 1.1 Transmutations
 + Level 1.1 Fire Magic
 + Level 1.1 Ice Magic
 + Level 1.1 Air Magic
 + Level 1.1 Earth Magic
 + Level 1.1 Poison Magic
 + Level 1.6 Invocations
 + Level 2.9 Evocations


You had 9 spell levels left.
You knew the following spells:

 Your Spells              Type           Power      Damage    Failure   Level
a - Pain                  Necr           28%        1d5       12%         1

Your spell library contained the following spells:

 Spells                   Type           Power      Damage    Failure   Level
 Ensorcelled Hibernation  Hex/Ice        8%         N/A       30%         2
 Passwall                 Tmut/Erth      3%         N/A       30%         2
 Vampiric Draining        Necr           7%         2d6       36%         3
 Ozocubu's Armour         Ice            4%         N/A       52%         3
 Swiftness                Air            4%         N/A       52%         3
 Metabolic Englaciation   Hex/Ice        2%         N/A       99%         5
 Simulacrum               Ice/Necr       2%         N/A       100%        6

Inventory:

Hand Weapons
 a - a +2 hunting sling {sling}
 e - a +0 rapier (weapon) {short}
   (You found it on level 1 of the Dungeon)
Missiles
 j - 4 silver boomerangs {throwing}
 p - 22 stones {throwing}
Armour
 b - a +0 buckler (worn)
 d - a +0 robe (worn)
 g - a +1 pair of gloves
   (You found it on level 1 of the Dungeon)
Jewellery
 f - a ring of protection from fire
   (You found it on level 3 of the Dungeon)
 m - a ring of see invisible
   (You found it on level 2 of the Dungeon)
Scrolls
 k - a scroll of blinking {!r}
 l - a scroll of immolation {!r!r}
Potions
 i - a potion of magic
 n - a potion of cancellation

Dungeon Overview and Level Annotations

Branches:
Dungeon (3/15)

Altars:
Hepliaklqana

Annotations:
D:3 Sigmund

.# .# ♣ .## P. ♣
♣####..#.#
♣P..♣b♣....#....
.....P♣.:..#.#.#
♣♣.@...#.#.#
♣♣♣...{..#.#.# #
#........#.#.##.#
#........#......#
...............#
.##.#####.##...# #
#. ###.##...# . #.
#.........# #. #.
#.##.##..##########


There were no monsters in sight!


Message History

You regained 2 hp, and now have 10/37 hp.
Unknown command.
Something hits the bush but does no damage. x2 😨 HP[+4]
You regained 4 hp, and now have 14/37 hp.
Something hits the bush but does no damage. 😨 HP[+3]
You regained 3 hp, and now have 17/37 hp.
Sigmund casts a spell at you. The puff of flame hits you!
* * * LOW HITPOINT WARNING * * *
😨 HP[-6]
You take 6 damage, and now have 11/37 hp.
Unknown command.
Something hits the bush but does no damage. x2
Sigmund gestures wildly while chanting.
Sigmund flickers and vanishes!
Deactivating autopickup; reactivate with Ctrl-A. 😨 HP[+2]
You regained 2 hp, and now have 13/37 hp.
The bat hits the bush but does no damage. x2 😨 HP[+4]
You regained 4 hp, and now have 17/37 hp.
Unknown command.
You feel less invigorated.
You feel less confused.
Something hits the bush but does no damage. x2
You hear some strange, mumbled words.
Something tries to affect you, but you resist. 😮 HP[+2]
You regained 2 hp, and now have 19/37 hp.
You aren't carrying any items that you can evoke.
Casting: Pain (safe; 12% risk of failure)
Confirm with . or Enter, or press ? or * to list all spells.
Aiming: Pain (safe; 12% risk of failure)
Press: ? - help, Shift-Dir - straight line Something writhes in agony.
Something hits the bush but does no damage. x2
Something hits you!
* * * LOW HITPOINT WARNING * * *
😱 HP[-13] MP[-1]
You take 13 damage, and now have 6/37 hp.
MASSIVE DAMAGE!! (PAUSE)
You lost 1 mp, and now have 8/9 mp.
Casting: Pain (safe; 12% risk of failure)
Confirm with . or Enter, or press ? or * to list all spells.
Aiming: Pain (safe; 12% risk of failure)
Press: ? - help, Shift-Dir - straight line Nothing appears to happen.
Something hits the bush but does no damage. x2 😱 HP[-1] MP[-1]
You take 1 damage, and now have 5/37 hp.
You lost 1 mp, and now have 7/9 mp.
Casting: Pain (safe; 12% risk of failure)
Confirm with . or Enter, or press ? or * to list all spells.
Aiming: Pain (safe; 12% risk of failure)
Press: ? - help, Shift-Dir - straight line Nothing appears to happen.
Something hits the bush but does no damage. x2 😱 HP[-1] MP[-1]
You take 1 damage, and now have 4/37 hp.
You lost 1 mp, and now have 6/9 mp.
Casting: Pain (safe; 12% risk of failure)
Confirm with . or Enter, or press ? or * to list all spells.
Aiming: Pain (safe; 12% risk of failure)
Press: ? - help, Shift-Dir - straight line Something writhes in agony.
Something hits the bush but does no damage. x2
You hear some strange, mumbled words.
Something tries to affect you, but you resist. 😱 HP[-1] MP[-1]
You take 1 damage, and now have 3/37 hp.
You lost 1 mp, and now have 5/9 mp.
Casting: Pain (safe; 12% risk of failure)
Confirm with . or Enter, or press ? or * to list all spells.
Aiming: Pain (safe; 12% risk of failure)
Press: ? - help, Shift-Dir - straight line Nothing appears to happen.
Something hits the bush but does no damage. x2
Something hits you.
* * * LOW HITPOINT WARNING * * *
😱 HP[-2] MP[-1]
You take 2 damage, and now have 1/37 hp.
You lost 1 mp, and now have 4/9 mp.
Casting: Pain (safe; 12% risk of failure)
Confirm with . or Enter, or press ? or * to list all spells.
Aiming: Pain (safe; 12% risk of failure)
Press: ? - help, Shift-Dir - straight line Something writhes in agony.
Something hits the bush.
Something hits the bush but does no damage. x2 😱 MP[-1]
You lost 1 mp, and now have 3/9 mp.
Casting: Pain (safe; 12% risk of failure)
Confirm with . or Enter, or press ? or * to list all spells.
Aiming: Pain (safe; 12% risk of failure)
Press: ? - help, Shift-Dir - straight line Nothing appears to happen.
Something hits the bush but does no damage.
Something hits you!
You die...

Skill      XL: |  1  2  3  4 |
---------------+-------------+-----
Necromancy     | 2 |  2.3
Invocations    | 1 |  1.6
Fighting       | 1 |  1.4
Short Blades   | 1 |  1.4
Long Blades    | 1 |  1.4
Axes           | 1 |  1.4
Maces & Flails | 1 |  1.4
Polearms       | 1 |  1.4
Staves         | 1 |  1.4
Bows           | 1 |  1.4
Crossbows      | 1 |  1.4
Throwing       | 1 |  1.4
Dodging        | 1 |  1.4
Stealth        | 1 |  1.4
Unarmed Combat | 1 |  1.4
Spellcasting   | 3 |  3.1
Conjurations   | 1 |  1.1
Hexes          | 1 |  1.1
Summonings     | 1 |  1.1
Translocations | 1 |  1.1
Transmutations | 1 |  1.1
Fire Magic     | 1 |  1.1
Ice Magic      | 1 |  1.1
Air Magic      | 1 |  1.1
Earth Magic    | 1 |  1.1
Poison Magic   | 1 |  1.1
Slings         | |  6.7
Armour         | |  4.7
Shields        | |  4.7
Evocations     | |  2.9

Action                   |  1- 3 |  4- 6 || total
-------------------------+-------+-------++-------
Melee: Rapier            |       |    12 ||    12
       Bite              |       |     1 ||     1
 Fire: Hunting sling     |   101 |    41 ||   142
 Cast: Pain              |       |     7 ||     7
  Use: Scroll            |       |     6 ||     6
       Potion            |       |     4 ||     4
Armor: Robe              |     5 |     4 ||     9
Dodge: Dodged            |    18 |    18 ||    36
Block: Buckler           |     4 |    12 ||    16

Levels and vault maps discovered:
D:1:      minmay_arrival_diagonal_passages, layout_basic
D:2:      layout_loops_ring, basic_altar, minmay_tripent
D:3:      layout_loops_cross, shapermc_ecumenical_altar_acropolis,
          serial_forest, infiniplex_forest_lined_2, infiniplex_forest_end_2,
          infiniplex_forest_lined_3, infiniplex_forest_lined_corner,
          infiniplex_forest_end_2, infiniplex_forest_lined_ring, uniq_ijyb,
          uniq_sigmund

Notes
Turn   | Place    | Note
-------+----------+-------------------------------------------
     0 | D:1      | spaghetti the Gnoll Wanderer began the quest for the Orb.
     0 | D:1      | spaghetti set off with the following items: a +2 hunting
                  | sling {sling}, a +0 buckler, a potion of haste {@q3}, a +0
                  | robe; and the following spell memorised: Pain; and the
                  | following spells available to memorise: Vampiric Draining
     0 | D:1      | Reached XP level 1. HP: 13/13 MP: 4/4
     0 | D:1      | magus.rc [v1.9.6]
    33 | D:1      | You pick up a book of Burglary and begin reading...
    33 | D:1      | You add the spells Passwall, Ensorcelled Hibernation and
                  | Swiftness to your library.
   107 | D:1      | Reached skill level 2 in Necromancy
   170 | D:1      | Reached XP level 2. HP: 19/19 MP: 5/5
   625 | D:2      | Reached XP level 3. HP: 25/25 MP: 7/7
   757 | D:2      | Reached skill level 1 in Invocations
  1084 | D:2      | Reached skill level 1 in Fighting
  1084 | D:2      | Reached skill level 1 in Short Blades
  1084 | D:2      | Reached skill level 1 in Long Blades
  1084 | D:2      | Reached skill level 1 in Axes
  1084 | D:2      | Reached skill level 1 in Maces & Flails
  1084 | D:2      | Reached skill level 1 in Polearms
  1084 | D:2      | Reached skill level 1 in Staves
  1084 | D:2      | Reached skill level 1 in Bows
  1084 | D:2      | Reached skill level 1 in Crossbows
  1084 | D:2      | Reached skill level 1 in Throwing
  1084 | D:2      | Reached skill level 1 in Dodging
  1084 | D:2      | Reached skill level 1 in Stealth
  1084 | D:2      | Reached skill level 1 in Unarmed Combat
  1160 | D:2      | Found a hazy altar of Hepliaklqana.
  1253 | D:2      | Reached XP level 4. HP: 27/32 MP: 8/8
  1427 | D:3      | You pick up a book of Winter and begin reading...
  1427 | D:3      | You add the spells Ozocubu's Armour, Metabolic Englaciation
                  | and Simulacrum to your library.
  1565 | D:3      | Reached skill level 3 in Spellcasting
  1668 | D:3      | Reached skill level 1 in Conjurations
  1668 | D:3      | Reached skill level 1 in Hexes
  1668 | D:3      | Reached skill level 1 in Summonings
  1668 | D:3      | Reached skill level 1 in Translocations
  1668 | D:3      | Reached skill level 1 in Transmutations
  1668 | D:3      | Reached skill level 1 in Fire Magic
  1668 | D:3      | Reached skill level 1 in Ice Magic
  1668 | D:3      | Reached skill level 1 in Air Magic
  1668 | D:3      | Reached skill level 1 in Earth Magic
  1668 | D:3      | Reached skill level 1 in Poison Magic
  1668 | D:3      | Reached XP level 5. HP: 14/37 MP: 9/9
  1772 | D:3      | Noticed Sigmund
  1796 | D:3      | HP: 6/37 [Sigmund/+0 scythe (11)]
  1806 | D:3      | HP: 6/37 [something (12)]
  1810 | D:3      | HP: 1/37 [something (1)]
  1812 | D:3      | Mangled by Sigmund

Vanquished Creatures
  An orc priest (D:3)
  An orc wizard (D:3)
  2 adders
  A shadow imp (D:3)
  A worm (D:2)
  A dart slug (D:2)
  3 orcs (D:3)
  11 bats
  3 giant cockroaches
  6 goblins
  3 hobgoblins
  3 jackals (D:2)
  A quokka (D:2)
  A ball python (D:1)
  6 frilled lizards
  6 kobolds
  4 rats
54 creatures vanquished.

Vanquished Creatures (others)
  2 plants (D:3)
2 creatures vanquished.

Grand Total: 56 creatures vanquished

Table legend:
 A = Non-vault XP
 B = Vault XP
 C = Vault XP percentage of total XP
 D = Non-vault monster count
 E = Vault monster count
 F = Vault count percentage of total count
                 A         B        C        D         E       F
            +---------+---------+-------+---------+---------+-------
      Total |     197 |       6 |   3.0 |      52 |       2 |   3.7
            +---------+---------+-------+---------+---------+-------
        D:1 |      25 |       0 |   0.0 |      16 |       0 |   0.0
        D:2 |      52 |       6 |  10.3 |      23 |       2 |   8.0
        D:3 |     120 |       0 |   0.0 |      13 |       0 |   0.0
            +---------+---------+-------+---------+---------+-------

Illustrated notes

Table legend:
 A = Kills in this place as a percentage of kills in entire the game.
 B = Kills by you in this place as a percentage of kills by you in the entire game.
 C = Kills by friends in this place as a percentage of kills by friends in the entire game.
 D = Other kills in this place as a percentage of other kills in the entire game.
 E = Experience gained in this place as a percentage of experience gained in the entire game.
 F = Experience gained in this place divided by the number of levels of this place that you have seen.
                   A       B       C       D       E      F
               +-------+-------+-------+-------+-------+----------------------
         Total | 100.0 | 100.0 |   N/A |   N/A | 100.0 |  67.7
       Dungeon | 100.0 | 100.0 |   N/A |   N/A | 100.0 |  67.7
               +-------+-------+-------+-------+-------+----------------------

Table legend: (Time is in decaauts)
 A = Elapsed time spent in this place.
 B = Non-inter-level travel time spent in this place.
 C = Inter-level travel time spent in this place.
 D = Time resting spent in this place.
 E = Time spent auto-exploring this place.
 F = Levels seen in this place.
 G = Mean time per level.
                   A        B        C        D        E       F      G
               +--------+--------+--------+--------+--------+-----+--------+
         Total |   1838 |   1788 |     50 |    152 |   1326 |   3 |  612.7 |
       Dungeon |   1838 |   1788 |     50 |    152 |   1326 |   3 |  612.7 |
               +--------+--------+--------+--------+--------+-----+--------+

Top non-repeatable levels by time:
     D:2: 909 daAuts
     D:1: 536 daAuts
     D:3: 392 daAuts
